 Dungeon Crawl Stone Soup version 0.22.0 (webtiles) character file.

35 b5mith the Skirmisher (level 3, 0/31 HPs)
             Began as a Human Wanderer on Oct 7, 2018.
             Slain by a bullfrog (7 damage)
             ... on level 2 of the Dungeon.
             The game lasted 00:05:16 (1398 turns).

b5mith the Skirmisher (Human Wanderer)              Turns: 1398, Time: 00:05:17

Health: 0/31       AC:  2    Str: 13    XL:     3   Next: 55%
Magic:  3/3        EV: 12    Int: 15    God:
Gold:   27         SH:  0    Dex: 14    Spells: 2/2 levels left

rFire    . . .     SeeInvis .   a - +2 spear
rCold    . . .     Gourm    .   (no shield)
rNeg     . . .     Faith    .   c - +0 robe
rPois    .         Spirit   .   (helmet restricted)
rElec    .         Reflect  .   (no cloak)
rCorr    .         Harm     .   (no gloves)
MR       .....                  (no boots)
Stlth    +++.......             (no amulet)
HPRegen  0.10/turn              g - ring of stealth
MPRegen  0.08/turn              (no ring)

@: brilliant
A: horns 1, deterioration 1, sense surroundings 1
a: no special abilities


You were on level 2 of the Dungeon.
You were hungry.

You visited 1 branch of the dungeon, and saw 2 of its levels.

You collected 27 gold pieces.

Inventory:

Hand Weapons
 a - a +2 spear (weapon)
Armour
 c - a +0 robe (worn)
Jewellery
 g - a ring of stealth (left hand)
   (You found it on level 1 of the Dungeon)
Scrolls
 e - 2 scrolls of remove curse {unknown}
 f - a scroll of teleportation {unknown}
 i - a scroll of identify {unknown}
Potions
 j - a potion of ambrosia {unknown}
 k - a potion of brilliance
 m - a potion of degeneration {unknown}
 n - a potion of heal wounds {unknown}
Comestibles
 d - 2 rations
 l - 4 chunks of flesh


   Skills:
 + Level 4.3 Fighting
 + Level 2.0 Polearms
 - Level 2.0 Dodging
 + Level 2.1 Stealth
   Level 1.0 Shields
   Level 1.0 Evocations


You had 2 spell levels left.
You didn't know any spells.
Your spell library was empty.

Dungeon Overview and Level Annotations

Branches:
Dungeon (2/15)

Altars:


Innate Abilities, Weirdness & Mutations

You have a pair of small horns on your head.
Your body sometimes deteriorates upon taking damage.
You passively map a small area around you.


Message History

You barely miss the hobgoblin.
The hobgoblin is almost dead.
The bullfrog hits you.
* * * LOW HITPOINT WARNING * * *
The bullfrog hits you.
* * * LOW HITPOINT WARNING * * *
The hobgoblin misses you.
Attack whom?
Press: ? - help, Dir - move target cursor, f/p - hobgoblin
Aim: a hobgoblin, wielding a hand axe (almost dead)
You hit the hobgoblin.
You kill the hobgoblin!
The bullfrog barely misses you.
Attack whom?
Press: ? - help, Dir - move target cursor, f - bullfrog
Aim: a bullfrog You hit the bullfrog.
The bullfrog is moderately wounded.
The bullfrog hits you but does no damage.
The bullfrog closely misses you.
Attack whom?
Press: ? - help, Dir - move target cursor, f/p - bullfrog
Aim: a bullfrog (moderately wounded)
You hit the bullfrog.
The bullfrog is heavily wounded.
The bullfrog hits you!
* * * LOW HITPOINT WARNING * * *
Attack whom?
Press: ? - help, Dir - move target cursor, f/p - bullfrog
Aim: a bullfrog (heavily wounded)
You barely miss the bullfrog.
The bullfrog is heavily wounded.
The bullfrog closely misses you. The bullfrog barely misses you.
You feel better. The bullfrog barely misses you.
You closely miss the bullfrog.
The bullfrog is heavily wounded.
The bullfrog hits you.
* * * LOW HITPOINT WARNING * * *
The bullfrog closely misses you.
Okay, then.
You feel better. The bullfrog hits you.
* * * LOW HITPOINT WARNING * * *
It was a potion of brilliance.
You feel clever all of a sudden. The bullfrog closely misses you. x2
It was a potion of mutation.
You feel extremely strange.
You feel a strange attunement to the structure of the dungeons.
You feel yourself wasting away. A pair of horns grows on your head!
The bullfrog hits you!
You die...

,, #...# #### ......, ,
#...# #... ...... * *
#...######... ......
#........+... *
......######.......##...
*
#...........###.........
............# ##...#....
......).....# #...#.#'#
......F@....# #.....#.#
......####### ##+####.#
....., * #.# .... ,* #..
... * #.. , .. #.. , . ,
** ##. , , , , +. ** #.


You could see a bullfrog.

Vanquished Creatures
  A worm (D:2)
  3 dart slugs (D:1)
  A giant cockroach (D:2)
  2 goblins
  4 hobgoblins
  2 jackals (D:2)
  2 bats
  2 frilled lizards
  4 kobolds
  5 rats
26 creatures vanquished.

Notes
Turn   | Place    | Note
-------+----------+-------------------------------------------
     0 | D:1      | b5mith the Human Wanderer began the quest for the Orb.
     0 | D:1      | b5mith set off with: a +2 spear, 2 potions of curing {@q1}, a +0 robe, a ration
     0 | D:1      | Reached XP level 1. HP: 19/19 MP: 1/1
   286 | D:1      | Reached XP level 2. HP: 25/25 MP: 2/2
   937 | D:2      | Reached XP level 3. HP: 30/30 MP: 3/3
  1383 | D:2      | Noticed a bullfrog
  1392 | D:2      | HP: 1/31 [bullfrog (7)]
  1398 | D:2      | Gained mutation: You passively map a small area around you. [potion of mutation]
  1398 | D:2      | Gained mutation: Your body sometimes deteriorates upon taking damage. [potion of mutation]
  1398 | D:2      | Gained mutation: You have a pair of small horns on your head. [potion of mutation]
  1398 | D:2      | Slain by a bullfrog

Skill      XL: |  1  2  3 |
---------------+----------+-----
Stealth        | 2 |  2.1
Polearms       | 2 |  2.0
Fighting       | |  4.3
Dodging        | |  2.0
Shields        | |  1.0
Evocations     | |  1.0

Action                   || total
-------------------------++-------
Melee: Spear             ||    88
  Use: Potion            ||     4
 Stab: Sleeping          ||     5
  Eat: Chunk             ||     1
Armor: Robe              ||     5
Dodge: Dodged            ||    41
